 Dungeon Crawl Stone Soup version 0.20-a0-2-g2b0e13a (webtiles) character file.

166 syranez the Chopper (level 5, -4/42 HPs)
             Began as a Merfolk Berserker on Oct 28, 2016.
             Was a Priest of Trog.
             Slain by Sigmund
             ... wielding a +6 scythe of flaming
              (6 damage)
             ... on level 3 of the Dungeon.
             The game lasted 00:06:53 (2803 turns).

syranez the Chopper (Merfolk Berserker)             Turns: 2803, Time: 00:06:54

Health: -4/42      AC:  7    Str: 18    XL:     5   Next: 47%
Magic:  0/5        EV: 10    Int:  7    God:    Trog [***...]
Gold:   174        SH:  4    Dex: 17    Spells: 0 memorised, 4 levels left

rFire  . . .     SeeInvis .     a - +0 hand axe
rCold  . . .     Gourm    .     e - +0 scale mail
rNeg   . . .     Faith    .     v - +0 buckler
rPois  .         Spirit   +     w - +0 helmet
rElec  .         Reflect  .     (no cloak)
rCorr  .         Harm     .     (no gloves)
MR     .....                    (no boots)
Stlth  ..........               x - amulet of guardian spirit
                                h - ring of wizardry
                                b - +4 ring of dexterity

@: exhausted, slowed, heavily drained, very slow
A: change form in water, swift swim, stealthy swim
a: Berserk, Trog's Hand, Burn Spellbooks, Renounce Religion


You were on level 3 of the Dungeon.
You worshipped Trog.
Trog was most pleased with you.
You were hungry.

You visited 1 branch of the dungeon, and saw 3 of its levels.

You collected 174 gold pieces.

Inventory:

Hand Weapons
 a - a +0 hand axe (weapon)
Missiles
 p - 8 tomahawks (quivered)
Armour
 e - a +0 scale mail (worn)
 v - a +0 buckler (worn)
 w - a +0 helmet (worn)
Jewellery
 b - a +4 ring of dexterity (left hand)
 h - a ring of wizardry (right hand)
 x - an amulet of guardian spirit (around neck)
Wands
 u - a wand of random effects (16/48)
Scrolls
 f - a scroll of immolation {unknown}
 g - a scroll of random uselessness {unknown}
 k - a scroll of identify {unknown}
 l - a scroll of fear {unknown}
 m - a scroll of remove curse {unknown}
 q - 2 scrolls of amnesia {unknown}
Potions
 i - 3 potions of curing {unknown}
 j - a potion of ambrosia {unknown}
 n - 2 potions of heal wounds {unknown}
 o - a potion of brilliance {unknown}
 s - a potion of haste {unknown}
Comestibles
 c - 3 bread rations
 d - a beef jerky
 r - 5 fruits
 t - a chunk of flesh


   Skills:
 + Level 3.8(2.5) Fighting
 + Level 3.9(2.7) Axes
 + Level 1.3(0.1) Throwing
 + Level 1.9(0.7) Armour
 + Level 3.3(2.1) Dodging
 + Level 0.5(0.0) Stealth


You had 4 spell levels left.
You didn't know any spells.

Dungeon Overview and Level Annotations

Branches:
Dungeon (3/15)

Altars:
Xom

Annotations:
D:3 Sigmund


Message History

Something tries to affect you, but you resist.
You slash something! Something hits you. Something burns you.
You miss something. You closely miss something.
You are no longer berserk.
You are exhausted.
You feel yourself slow down. Something hits you! Something burns you.
You miss something. Something hits you. Something burns you.
You closely miss something.
You hear some strange, mumbled words.
A puff of flame appears from out of thin air!
The puff of flame hits you!
You hear some strange, mumbled words.
Something tries to affect you, but you resist.
You hit something. Something hits you!
* * * LOW HITPOINT WARNING * * *
Something burns you.
* * * LOW HITPOINT WARNING * * *
You completely miss something. Something hits you!
You die...

##..###....# #.#
......)....#
...........##
............#
............#
...#........#
...#........# ..
#........##########.##
#
#...........{@...†...#
#........#############
#.##........#
............#
.......>#####
.....###......{ .###
....... .......
#######


There were no monsters in sight!

Vanquished Creatures
  Terence (D:2)
  Robin (D:2)
  4 adders (D:2)
  3 worms (D:2)
  4 dart slugs
  3 leopard geckos
  2 ball pythons
  4 bats
  4 giant cockroaches
  11 goblins
  8 hobgoblins
  2 jackals (D:2)
  6 kobolds
  2 quokkas
  5 frilled lizards
  12 rats
72 creatures vanquished.

Notes
Turn   | Place    | Note
-------+----------+-------------------------------------------
     0 | D:1      | syranez the Merfolk Berserker began the quest for the Orb.
     0 | D:1      | Reached XP level 1. HP: 18/18 MP: 1/1
   275 | D:1      | Reached XP level 2. HP: 24/24 MP: 2/2
   521 | D:1      | Reached XP level 3. HP: 26/29 MP: 3/3
   788 | D:1      | Found a shimmering altar of Xom.
  1095 | D:2      | Reached ** piety under Trog
  1582 | D:2      | Reached XP level 4. HP: 37/37 MP: 4/4
  1667 | D:2      | Noticed Terence
  1680 | D:2      | Killed Terence
  1680 | D:2      | Reached skill level 1 in Throwing
  2032 | D:2      | Noticed Robin
  2050 | D:2      | Killed Robin
  2050 | D:2      | Reached XP level 5. HP: 42/42 MP: 5/5
  2756 | D:3      | Reached *** piety under Trog
  2777 | D:3      | Noticed Sigmund
  2802 | D:3      | HP: 2/42 [something (3)]
  2803 | D:3      | Slain by Sigmund

Vault maps used:
D:1:      arrival_zaba_pyramid, xom_teletrap_fun
D:2:      kennysheep_six_static_rooms, first_bread, grunt_ministairs_13,
          uniq_terence, uniq_robin
D:3:      gammafunk_temple_overflow_pools, uniq_sigmund, uniq_natasha

Skill      XL: |  1  2  3  4 |
---------------+-------------+-----
Axes           | 3 |  3.9
Dodging        | 3 |  3.3
Throwing       | 1 |  1.3
Fighting       | |  3.8
Armour         | |  1.9
Stealth        | |  0.5

Action                   |  1- 3 |  4- 6 || total
-------------------------+-------+-------++-------
Melee: Hand axe          |   113 |   128 ||   241
Throw: Tomahawk          |     9 |     8 ||    17
Invok: Berserk           |     1 |     4 ||     5
       Burn Spellbooks   |       |     1 ||     1
  Eat: Chunk             |     3 |     2 ||     5
       Meat ration       |       |     1 ||     1
Armor: Scale mail        |    47 |    51 ||    98
Dodge: Dodged            |    55 |    43 ||    98
Block: Buckler           |       |    16 ||    16
